 Dungeon Crawl Stone Soup version 0.25-a0-160-gd1d2e81aba (webtiles) character file.

Game seed: 506730291981608047, levelgen mode: deterministic

0 Gargoyl the Skirmisher (level 1, -4/19 HPs)
             Began as a Centaur Abyssal Knight on Nov 21, 2019.
             Was a Follower of Lugonu.
             Slain by a thrashing horror (5 damage)
             ... on level 4 of the Abyss.
             The game lasted 00:00:24 (107 turns).

Gargoyl the Skirmisher (Centaur Abyssal Knight)      Turns: 107, Time: 00:00:24

Health: -4/19      AC:  4    Str: 10    XL:     1   Next: 0%
Magic:  2/2        EV:  9    Int: 11    God:    Lugonu [*.....]
Gold:   134        SH:  0    Dex:  8    Spells: 0/0 levels left

rFire    . . .     SeeInvis .   a - +1 hand axe
rCold    . . .     Gourm    .   (no shield)
rNeg     . . .     Faith    .   b - +0 leather armour
rPois    .         Spirit   .   (no helmet)
rElec    .         Reflect  .   (no cloak)
rCorr    .         Harm     .   (no gloves)
MR       .....                  (no barding)
Stlth    ..........             (no amulet)
HPRegen  0.06/turn              (no ring)
MPRegen  0.08/turn              (no ring)

@: very quick
A: large, hooves 3, deformed body, speed 2, [low mp 2], tough skin 3, [weak 2]
a: Depart the Abyss, Renounce Religion


You were on level 4 of the Abyss.
You worshipped Lugonu.
Lugonu was aware of your devotion.
You were not hungry.

You visited 0 branches of the dungeon, and saw 0 of its levels.
You visited the Abyss 1 time.

You collected 134 gold pieces.

Inventory:

Hand Weapons
 a - a +1 hand axe (weapon)
Armour
 b - a +0 leather armour (worn)
Scrolls
 d - a scroll of identify
 e - a scroll of remove curse
Comestibles
 c - a ration


   Skills:
 + Level 3.0 Fighting
 + Level 1.7 Axes
 + Level 1.3 Armour
 + Level 0.6 Dodging
 + Level 2.0 Invocations


You couldn't memorise any spells.
You didn't know any spells.
Your spell library was empty.

Dungeon Overview and Level Annotations

Branches:
Dungeon (0/15)

Altars:


Innate Abilities, Weirdness & Mutations

You have hooves in place of feet.
Armour fits poorly on your strangely shaped body.
You cover ground very quickly.
You have extremely tough skin. (AC +3)
[Your magical capacity is very low. (-20% MP)]
[You are very weak. (Str -4)]


Message History

Found a stone.
A thrashing horror comes into view.
Found a ration and 30 gold pieces.
Found 2 stones.
Found a stone.
The thrashing horror completely misses you.
The thrashing horror tramples you.
You hold your ground!
The thrashing horror roars!
Found a stone.
A shadow comes into view.
The thrashing horror tramples you!
Ouch! That really hurt!
* * * LOW HITPOINT WARNING * * *
You hold your ground!
The thrashing horror tramples you.
* * * LOW HITPOINT WARNING * * *
You hold your ground!
There is a gateway leading deeper into the Abyss here.
The thrashing horror roars!
The thrashing horror tramples you.
You die...

#....................
#%(.................. #
# ................. #.
#........# ......
..#####.......##......
...(.#................
#..###(..............
..
........w............
.. .(###@X...X...
.......
#(....#........%.......
#.###.##..............
W.#.#..............
....................
.....................
....#.. ..#.....#.. ..
....# ..###... ##.. #


You could see a tyrant leech, a thrashing horror, a large abomination and a
shadow.

Vanquished Creatures (others)
  A lurking horror (Abyss:3)
1 creature vanquished.

Notes
Turn   | Place    | Note
-------+----------+-------------------------------------------
     0 | Abyss:1  | Gargoyl the Centaur Abyssal Knight began the quest for the
                  | Orb.
     0 | Abyss:1  | Reached XP level 1. HP: 19/19 MP: 2/2
    11 | Abyss:1  | Found a corrupted altar of Lugonu.
    39 | Abyss:3  | Found a corrupted altar of Lugonu.
    77 | Abyss:3  | Noticed a wretched star
    96 | Abyss:4  | Noticed a large abomination
    98 | Abyss:4  | Noticed a tyrant leech
   100 | Abyss:4  | Noticed a thrashing horror
   106 | Abyss:4  | Noticed a shadow
   107 | Abyss:4  | Slain by a thrashing horror

Levels and vault maps discovered:
Abyss:4:  evilmike_nicolae_abyss_rune_containment_curve,
          hangedman_stitches_earthworm

Action                   || total
-------------------------++-------
  Use: Scroll            ||     1
Dodge: Dodged            ||     2

Table legend:
 A = Non-vault XP
 B = Vault XP
 C = Vault XP percentage of total XP
 D = Non-vault monster count
 E = Vault monster count
 F = Vault count percentage of total count
                 A         B        C        D         E       F
            +---------+---------+-------+---------+---------+-------
      Total |       0 |       0 |   N/A |       0 |       0 |  -nan
            +---------+---------+-------+---------+---------+-------
            +---------+---------+-------+---------+---------+-------
